 Dungeon Crawl Stone Soup version 0.32-a0-411-g744942f433 (webtiles) character file.

Game seed: 14354379882422287938

516 adelrune the Covered (level 7, 0/59 HPs)
             Began as an Armataur Fighter on Feb 20, 2024.
             Was an Initiate of Wu Jian.
             Slain by an iguana (9 damage)
             ... on level 4 of the Dungeon.
             The game lasted 00:09:00 (3372 turns).

adelrune the Covered (Armataur Fighter)             Turns: 3372, Time: 00:09:01

Health: 0/59       AC:  8    Str: 23    XL:     7   Next: 0%
Magic:  7/7        EV:  7    Int:  9    God:    Wu Jian [......]
Gold:   268        SH:  4    Dex:  9    Spells: 6/6 levels left

rFire   . . .        a - +0 flail
rCold   . . .        c - +0 buckler
rNeg    . . .        b - +0 scale mail
rPois   .            (no helmet)
rElec   .            (no cloak)
rCorr   .            g - +0 pair of gloves
SInv    .            (no barding)
Will    ++...        m - amulet of the acrobat Stlth
                     l - ring of willpower
HPRegen 0.29/turn    r - ring of willpower
MPRegen 0.10/turn

%: acrobat, roll
@: no status effects
A: large, deformed body, tough skin 3, armoured tail, roll 2
a: Renounce Religion


You were on level 4 of the Dungeon.
You worshipped Wu Jian.
Wu Jian was noncommittal.
You visited 2 branches of the dungeon, and saw 6 of its levels.
You also visited: Ossuary.

You collected 268 gold pieces.

Inventory:

Hand Weapons
 a - a +0 flail (weapon)
Armour
 b - a +0 scale mail (worn)
 c - a +0 buckler (worn)
 g - a +0 pair of gloves (worn)
 p - a +0 kite shield
Jewellery
 l - a ring of willpower (left hand)
 m - an amulet of the acrobat (around neck)
 r - a ring of willpower (right hand)
Scrolls
 d - 2 scrolls of revelation {unknown}
 e - 4 scrolls of identify {unknown}
 h - a scroll of blinking {unknown}
 i - 2 scrolls of teleportation {unknown}
 j - a scroll of vulnerability {unknown}
 k - a scroll of brand weapon {unknown}
 n - a scroll of poison {unknown}
 o - a scroll of fog {unknown}
Potions
 q - a potion of mutation {unknown}
 s - a potion of cancellation {unknown}


   Skills:
 + Level 4.0 Fighting
 * Level 4.5 Maces & Flails
 + Level 5.3 Armour
 + Level 4.8 Shields


You had 6 spell levels left.
You didn't know any spells.
Your spell library contained the following spells:

 Spells                   Type           Power      Damage    Failure   Level
 Dazzling Flash           Conj/Hex       0%         N/A       98%         3
 Volatile Blastmotes      Fire/Tloc      0%         2d10      98%         3
 Starburst                Conj/Fire      0%         6d3       100%        6
 Maxwell's Capacitive Co  Air            0%         ∞         100%        8


Dungeon Overview and Level Annotations

Branches:
Dungeon (5/15)             Temple (1/1) D:4         Ossuary (visited)

Altars:
Ashenzari
Cheibriados
Fedhas
Gozag
Hepliaklqana
Kikubaaqudgha
Makhleb
Nemelex Xobeh
Okawaru
Qazlal
Ru
Trog
Uskayaw
Vehumet
Wu Jian
Xom
Yredelemnul
Zin
The Shining One

Annotations:
D:4 1 runed translucent door, Crazy Yiuf


Innate Abilities, Weirdness & Mutations

Armour fits poorly on your strangely shaped body.
You have extremely tough skin. (AC +3)
You have a long armoured tail.
You regenerate magic and health when rolling toward enemies. (Rampage Regen)


Message History

You have reached level 7!
You begin to regenerate health when rolling toward enemies.
There is a gate leading back out of this place here.
Welcome back to the Dungeon!
There is a collapsed entrance here.
The sentinel's mark upon you fades away.
You block the mummy's attack.
Found 13 gold pieces.
The mummy attacks as it pursues you! The mummy closely misses you.
You see here 17 gold pieces.
The iguana attacks as it pursues you! The iguana barely misses you.
There is a stone staircase leading up here.
The iguana barely misses you.
You climb upwards.
Level annotation: 1 runed translucent door, Crazy Yiuf
There is a stone staircase leading down here.
It was a potion of curing.
You feel better. The iguana barely misses you.
You closely miss the iguana. You tail-slap the iguana.
The iguana is moderately wounded.
The iguana bites you!
* * * LOW HITPOINT WARNING * * *
The iguana barely misses you.
You hit the iguana but do no damage.
Your tail-slap misses the iguana.
The iguana is moderately wounded.
The iguana bites you but does no damage.
You hit the iguana.
The iguana is heavily wounded.
You block the iguana's attack.
You feel better. The iguana barely misses you.
You closely miss the iguana.
Your tail-slap misses the iguana.
The iguana is moderately wounded.
You block the iguana's attack.
You hit the iguana but do no damage.
The iguana is moderately wounded.
The iguana bites you!
* * * LOW HITPOINT WARNING * * *
You hit the iguana but do no damage.
The iguana is moderately wounded.
The iguana bites you!
You die...

..#####.#.########...........#
#.
†......>.....................#
#.
................###..........#
#)
.............................#
##
<..###>......##..............#
#..........###...#######....##
#..#..#.##.....#.## ##...# #
#....##.########### #.#.# #
#....##.# ##@## #.†.# #
#..#.##.# #ß..lß# ##..## #
...#.##.#### #.....# #...## #
...........##ß.....ß# #....###
.....##.##.###.....## ###....#
.....##.##..##ß...ß# ###..#
......#.######.....## #...
......#.#####_....._ ##.#
............##)..|.# #..


You could see an iguana.

Vanquished Creatures
  Grinder (D:3)
  A wight (Ossuary)
  2 hounds (D:4)
  An orc priest (D:4)
  A mummy (Ossuary)
  3 gnolls (D:4)
  4 adders
  2 dart slugs (D:1)
  A ribbon worm (D:2)
  4 orcs (D:3)
  3 endoplasms
  2 giant cockroaches
  3 goblins
  3 hobgoblins
  4 quokkas
  7 ball pythons
  3 bats
  4 frilled lizards
  2 gnoll skeletons (Ossuary)
  7 kobolds
  A kobold skeleton (Ossuary)
59 creatures vanquished.

Notes
Turn   | Place    | Note
-------+----------+-------------------------------------------
     0 | D:1      | adelrune the Armataur Fighter began the quest for the Orb.
     0 | D:1      | Reached XP level 1. HP: 18/18 MP: 1/1
   182 | D:1      | Reached XP level 2. HP: 23/25 MP: 2/2
   922 | D:2      | Reached skill level 4 in Armour
   922 | D:2      | Reached XP level 3. HP: 30/30 MP: 3/3
  1228 | D:2      | Identified the +3 quarterstaff of Cookiod {drain, Str+3
                  | Dex+4}
  1632 | D:3      | Noticed Grinder
  1657 | D:3      | Paralysed by Grinder for 4 turns
  1664 | D:3      | Killed Grinder
  1665 | D:3      | Reached XP level 4. HP: 16/39 MP: 4/4
  1665 | D:3      | Reached XP level 5. HP: 18/45 MP: 5/5
  1805 | D:3      | Found an iron altar of Okawaru.
  1813 | D:3      | Reached XP level 6. HP: 51/51 MP: 6/6
  1851 | D:3      | Found a broken altar of Ashenzari.
  2039 | D:3      | Found a blossoming altar of Fedhas.
  2564 | D:4      | Reached skill level 5 in Armour
  3071 | D:4      | Found a shimmering altar of Xom.
  3072 | D:4      | Found an ancient bone altar of Kikubaaqudgha.
  3097 | D:4      | Found a staircase to the Ecumenical Temple.
  3111 | Temple   | Entered the Ecumenical Temple
  3120 | Temple   | Became a worshipper of the Wu Jian Council
  3248 | D:4      | Found a runed translucent door.
  3249 | D:4      | Noticed Crazy Yiuf
  3277 | D:5      | Entered Level 5 of the Dungeon
  3287 | D:5      | Found a sand-covered staircase.
  3296 | Ossuary  | Entered an ossuary
  3353 | Ossuary  | HP: 2/51 [wight/+5 hand axe (6)]
  3355 | Ossuary  | Gained mutation: You regenerate magic and health when
                  | rolling toward enemies. (Rampage Regen) [Armataur growth]
  3355 | Ossuary  | Reached XP level 7. HP: 3/59 MP: 7/7
  3372 | D:4      | Slain by an iguana

Illustrated notes

Levels and vault maps discovered:
D:1:      heliophobic_arrival_dark_side_of_the_moon, layout_basic, serial_glass,
          glass_columns_a, glass_columns_a
D:2:      layout_basic
D:3:      layout_basic, mainiacjoe_overflow_boulevard,
          nicolae_ashenzari_panopticon, fedhas_altar_2, uniq_grinder
D:4:      layout_rooms, nicolae_overflow_hidden_temple,
          minmay_temple_entry_proselytizer, minmay_stone_trees_small,
          minmay_unequal, uniq_crazy_yiuf_cottage
D:5:      layout_cave_pools, old_standard_altar, nicolae_ossuary_entry_ruins
Temple:   nicolae_temple_ecumenical_triangle

Skill      XL: |  1  2  3  4  5  6 |
---------------+-------------------+-----
Maces & Flails | 2 3 4 |  4.5
Armour         | 4 5 |  5.3
Fighting       | 3 4 |  4.0
Shields        | 4 |  4.8

Action                     |  1- 3 |  4- 6 |  7- 9 || total
---------------------------+-------+-------+-------++-------
  Melee: Flail             |    82 |   112 |     6 ||   200
         Tailslap          |     4 |    11 |     1 ||    16
Ability: Lunge             |       |     3 |       ||     3
    Use: Potion            |     1 |       |     2 ||     3
 Armour: Scale mail        |    63 |    69 |     4 ||   136
  Dodge: Dodged            |    28 |    39 |     6 ||    73
  Block: Buckler           |    17 |    24 |     3 ||    44

Table legend: (Time is in decaauts)
 A = Elapsed time spent in this place.
 B = Non-inter-level travel time spent in this place.
 C = Inter-level travel time spent in this place.
 D = Time resting spent in this place.
 E = Time spent auto-exploring this place.
 F = Levels seen in this place.
 G = Mean time per level.
                   A        B        C        D        E       F      G
               +--------+--------+--------+--------+--------+-----+--------+
         Total |   3421 |   3257 |    164 |    229 |   2359 |   7 |  488.7 |
       Dungeon |   3338 |   3181 |    157 |    229 |   2359 |   5 |  667.6 |
        Temple |     18 |     11 |      7 |      0 |      0 |   1 |   18.0 |
       Ossuary |     64 |     64 |      0 |      0 |      0 |   1 |   64.0 |
               +--------+--------+--------+--------+--------+-----+--------+

Top non-repeatable levels by time:
     D:3: 914 daAuts
     D:2: 814 daAuts
     D:1: 805 daAuts
     D:4: 779 daAuts
 Ossuary: 64 daAuts
     D:5: 25 daAuts
  Temple: 18 daAuts
